 Dungeon Crawl Stone Soup version 0.25.0-10-g039870ee82 (webtiles) character file.

Game seed: 3784557760651133829

36 Apogee the Ruffian (level 3, -2/36 HPs)
             Began as a Troll Monk on June 23, 2020.
             Slain by a hobgoblin
             ... wielding a +0 club
             ... led by Robin
              (9 damage)
             ... on level 2 of the Dungeon.
             The game lasted 00:02:18 (1041 turns).

Apogee the Ruffian (Troll Monk)                     Turns: 1041, Time: 00:02:18

Health: -2/36      AC:  9    Str: 20    XL:     3   Next: 19%
Magic:  2/2        EV: 10    Int:  6    God:
Gold:   101        SH:  0    Dex: 12    Spells: 2/2 levels left

rFire    + . .     SeeInvis .     - Unarmed
rCold    . . .     Gourm    +   (no shield)
rNeg     . . .     Faith    .   a - +0 robe
rPois    .         Spirit   .   (helmet restricted)
rElec    .         Reflect  .   g - +0 cloak (curse)
rCorr    .         Harm     .   (gloves unavailable)
MR       .....                  (boots unavailable)
Stlth    ++........             (no amulet)
HPRegen  0.52/turn              (no ring)
MPRegen  0.08/turn              (no ring)

@: no status effects
A: large, unfitting armour, claws 3, iridescent scales 1, fire resistance 1,
fast metabolism 3, gourmand, regeneration 1, shaggy fur 1, tough skin 3
a: no special abilities


You were on level 2 of the Dungeon.
You were completely stuffed.

You visited 1 branch of the dungeon, and saw 2 of its levels.

You collected 101 gold pieces.

Inventory:

Hand Weapons
 c - a cursed -2 hunting sling
Missiles
 f - 31 stones (quivered)
Armour
 a - a +0 robe (worn)
 g - a cursed +0 cloak (worn)
Scrolls
 d - 2 scrolls of teleportation
Potions
 j - 2 potions of curing {unknown}
 k - a potion of berserk rage {unknown}
 l - a potion of heal wounds {unknown}
Comestibles
 b - 3 rations
 i - 2 chunks of flesh


   Skills:
 - Level 2.4 Fighting
 - Level 2.4 Dodging
 - Level 1.0 Stealth
 + Level 4.3 Unarmed Combat


You had 2 spell levels left.
You didn't know any spells.
Your spell library was empty.

Dungeon Overview and Level Annotations

Branches:
Dungeon (2/15)

Altars:

Annotations:
D:2 Robin


Innate Abilities, Weirdness & Mutations

You are too large for most types of armour.
You have claws for hands.
Your metabolism is lightning-fast.
You like to eat raw meat.
Your natural rate of healing is unusually fast.
You are covered in fur. (AC +1)
You have extremely tough skin. (AC +3)
You are partially covered in iridescent scales. (AC +2)
Your flesh is heat resistant. (rF+)


Message History

You closely miss the goblin.
The goblin no longer looks unusually strong.
The goblin hits you with a +0 dagger. The goblin closely misses you.
The goblin hits you with a +0 club.
* * * LOW HITPOINT WARNING * * *
You claw the goblin!
You kill the goblin!
The goblin hits you but does no damage. x2; Robin throws the goblin at you!
* * * LOW HITPOINT WARNING * * *
You miss the goblin.
The goblin no longer looks unusually strong.
The goblin hits you but does no damage.
Robin roars a battlecry!
The goblins go into a battle-frenzy!
The goblin closely misses you.
As you read the scroll labeled BAILEZX JOHI, it crumbles to dust.
It is a scroll of identify.
d - 2 scrolls of teleportation The hobgoblin hits you with a +0 club!
You die...

#.....>.#####.##
##.#####.# #.##
#........# #.##
##.####### #.##
#.# #.## #.#
#... ##.## ###.
####g..# #.
#.g@g..# #.
#.##gg.# #. #
#g### ##. #g#
##.. ... ####.#)
##.. #...<()
#?.. .....##.#.
##.# ### ##.. ..
##.


You could see Robin, a hobgoblin (strong) and 5 goblins.

Vanquished Creatures
  A dart slug (D:1)
  8 goblins
  8 hobgoblins
  A quokka (D:2)
  3 bats (D:1)
  4 frilled lizards (D:1)
  4 kobolds
  3 rats (D:1)
32 creatures vanquished.

Notes
Turn   | Place    | Note
-------+----------+-------------------------------------------
     0 | D:1      | Apogee the Troll Monk began the quest for the Orb.
     0 | D:1      | Reached XP level 1. HP: 22/22 MP: 0/0
   242 | D:1      | Reached XP level 2. HP: 29/29 MP: 1/1
   765 | D:1      | Reached skill level 4 in Unarmed Combat
   906 | D:1      | Gained mutation: Your flesh is heat resistant. (rF+)
                  | [potion of mutation]
   906 | D:1      | Gained mutation: You are partially covered in iridescent
                  | scales. (AC +2) [potion of mutation]
  1019 | D:2      | Noticed Robin
  1021 | D:2      | Reached XP level 3. HP: 36/36 MP: 2/2
  1041 | D:2      | Slain by a hobgoblin

Illustrated notes

Levels and vault maps discovered:
D:1:      roderic_crop_circles_arrival_large, layout_basic
D:2:      layout_loops_ring, lemuel_crystal_altar, minmay_tetromino_l2,
          uniq_robin

Skill      XL: |  1  2 |
---------------+-------+-----
Unarmed Combat | 4 |  4.3
Fighting       | |  2.4
Dodging        | |  2.4
Stealth        | |  1.0

Action                   || total
-------------------------++-------
Melee: Unarmed           ||    79
       Punch             ||     1
  Use: Potion            ||     1
       Scroll            ||     1
 Stab: Sleeping          ||     2
  Eat: Chunk             ||    15
Armor: Robe              ||    52
Dodge: Dodged            ||    47
